 Dungeon Crawl Stone Soup version 0.30-a0-778-g2ef04afb54 (webtiles) character file.

Game seed: 12380031693841386496

15 Zenkrye the Poker (level 2, -2/24 HPs)
             Began as a Human Cinder Acolyte on Feb 15, 2023.
             Was a High Priest of Ignis.
             Slain by Natasha (5 damage)
             ... on level 2 of the Dungeon.
             The game lasted 00:01:25 (435 turns).

Zenkrye the Poker (Human Cinder Acolyte)             Turns: 435, Time: 00:01:25

Health: -2/24      AC:  2    Str: 20    XL:     2   Next: 65%
Magic:  1/3        EV: 11    Int: 14    God:    Ignis [*****.]
Gold:   60         SH:  0    Dex:  8    Spells: 0/3 levels left

rFire   + . .      SeeInvis .    a - -1 spear (flame)
rCold   . . .      Faith    .    (no shield)
rNeg    . . .      Spirit   .    b - +0 robe
rPois   .          Reflect  .    (no helmet)
rElec   .          Harm     .    (no cloak)
rCorr   .          Rampage  .    (no gloves)
Will    .....                    (no boots)
Stlth   +                        (no amulet)
HPRegen 0.24/turn                c - +6 ring of strength
MPRegen 0.08/turn                (no ring)

@: no status effects
A: no striking features
a: Renounce Religion, Fiery Armour, Foxfire Swarm, Rising Flame


You were on level 2 of the Dungeon.
You worshipped Ignis.
Ignis was extremely pleased with you.
You visited 1 branch of the dungeon, and saw 2 of its levels.

You collected 60 gold pieces.

Inventory:

Hand Weapons
 a - a -1 spear of flaming (weapon)
 f - a +0 trident
Missiles
 g - 3 boomerangs (quivered)
Armour
 b - a +0 robe (worn)
Jewellery
 c - a +6 ring of strength (left hand)
Scrolls
 d - a scroll of butterflies {unknown}
 e - 2 scrolls of identify {unknown}


   Skills:
 - Level 3.0 Fighting
 + Level 3.4 Polearms
 - Level 1.0 Spellcasting
 + Level 3.4 Fire Magic


You couldn't memorise any spells.
You knew the following spells:

 Your Spells              Type           Power      Damage    Failure   Level
a - Scorch                Fire           20%        2d6       10%         2
b - Magic Dart            Conj           0%         1d3       26%         1

Your spell library contained the following spells:

 Spells                   Type           Power      Damage    Failure   Level
 Searing Ray              Conj           0%         2d4       36%         2
 Flame Wave               Conj/Fire      5%         2d5       78%         4
 Fulminant Prism          Conj/Hex       0%         3d5       95%         4
 Summon Cactus Giant      Summ           0%         N/A       100%        6


Dungeon Overview and Level Annotations

Branches:
Dungeon (1/15)

Altars:
Gozag

Annotations:
D:1 1 transporter
D:2 Natasha


Message History

You see here a +1 vampiric hand axe.
Natasha, Servant of Life and Death comes into view.
Natasha hisses angrily.
Natasha hisses.
You start waiting.
Natasha is nearby!
Cast which spell? (? or * to list) Flames lash Natasha.
Natasha is moderately wounded.
Natasha's fire resistance burns away.
Casting: Scorch (safe; 10% risk of failure)
Confirm with . or Enter, or press ? or * to list all spells.
You don't have enough magic to cast this spell.
You completely miss Natasha.
Natasha is moderately wounded.
Natasha closely misses you.
You closely miss Natasha.
Natasha is moderately wounded.
Natasha claws you!
You closely miss Natasha.
Natasha is moderately wounded.
Natasha barely misses you.
You barely miss Natasha.
Natasha is moderately wounded.
Natasha is no longer more vulnerable to fire.
Natasha claws you!
You miss Natasha.
Natasha is moderately wounded.
Natasha claws you.
You barely miss Natasha.
Natasha is moderately wounded.
Natasha claws you.
* * * LOW HITPOINT WARNING * * *
You closely miss Natasha.
Natasha is moderately wounded.
Natasha closely misses you.
You hit Natasha. You burn Natasha.
Natasha is severely wounded.
Natasha claws you.
You die...

###### ##.....#
###########....$.#
#########........##......##
........+.......)...._.....
##...####.......h##........
#...# #.......@##......##
#...# #........###.....#
#...# ##........# .......
#...# #.....)...# .......
#...# #...####### .......
#...# #...#### .####..
#...# #......# #...#
#......# #...# #......#


You could see Natasha.

Vanquished Creatures
  A bat (D:1)
  An endoplasm (D:1)
  A giant cockroach (D:2)
  A goblin (D:2)
  4 jackals (D:2)
  A quokka (D:2)
  3 kobolds (D:2)
  A rat (D:1)
13 creatures vanquished.

Notes
Turn   | Place    | Note
-------+----------+-------------------------------------------
     0 | D:1      | Zenkrye the Human Cinder Acolyte began the quest for the
                  | Orb.
     0 | D:1      | Reached XP level 1. HP: 18/18 MP: 2/2
   240 | D:1      | You fall into a shaft and drop 1 floor!
   252 | D:2      | Reached XP level 2. HP: 24/24 MP: 3/3
   255 | D:2      | Learned a level 2 spell: Scorch
   265 | D:2      | Learned a level 1 spell: Magic Dart
   415 | D:2      | Found an opulent altar of Gozag.
   419 | D:2      | Noticed Natasha
   435 | D:2      | Slain by Natasha

Illustrated notes

Levels and vault maps discovered:
D:1:      spicycebolla_arrival_risky_transporter, layout_basic,
          hellmonk_ecumenical_altar_prayer_group, serial_shops, shop,
          ebering_dispersal_statue_hall, minmay_tree_intersection,
          serial_bayou_pond_c, hangedman_decor_points
D:2:      layout_basic, basic_altar, uniq_natasha

Action                     || total
---------------------------++-------
  Melee: Spear             ||    43
   Cast: Scorch            ||     1
 Armour: Robe              ||     5
  Dodge: Dodged            ||    17

Table legend: (Time is in decaauts)
 A = Elapsed time spent in this place.
 B = Non-inter-level travel time spent in this place.
 C = Inter-level travel time spent in this place.
 D = Time resting spent in this place.
 E = Time spent auto-exploring this place.
 F = Levels seen in this place.
 G = Mean time per level.
                   A        B        C        D        E       F      G
               +--------+--------+--------+--------+--------+-----+--------+
         Total |    439 |    439 |      0 |      4 |    335 |   2 |  219.5 |
       Dungeon |    439 |    439 |      0 |      4 |    335 |   2 |  219.5 |
               +--------+--------+--------+--------+--------+-----+--------+

Top non-repeatable levels by time:
     D:1: 246 daAuts
     D:2: 192 daAuts
